AoeStats
← MAOC DSW

Black Forest

509984300Analyzed
2v2 RM · 4d ago on Sep 28, 2026· 57m 13s· 4 players
Game mode
Random Map
Map size
Medium (4 player)
Population
200
Speed
Normal
Resources
Standard
Victory
Conquest
Starting age
Dark Age
Ending age
Imperial Age
RankedLock teamsTeams togetherTeam positionsShared explorationLock speedFull tech treeHidden civsTurbo modeCheats
Victory
Defeat
🇩🇴 Tatars · Dominican Republic
929
+14
🇩🇴 Persians · Dominican Republic
910
+15
🇺🇸 Britons · United States
914
-15
🇨🇦 Mongols · Canada
869
-14
jaykablooey27
0:33 Loom
13:32 Feudal Age
14:01 Double-Bit Axe
14:52 Horse Collar
21:22 Castle Age
21:34 Forging
21:14 Fletching
22:14 Bow Saw
22:04 Pikeman
27:59 Crossbowman
29:02 Ballistics
30:27 Heavy Plow
30:46 Bodkin Arrow
31:26 Iron Casting
35:41 Imperial Age
34:19 Iron Casting
34:12 Padded Archer Armor
34:14 Scale Mail Armor
36:32 Fortified Wall
36:26 Warwolf
36:22 Arbalester
38:05 Bracer
39:42 Chemistry
40:35 Blast Furnace
39:58 Leather Archer Armor
40:58 Yeomen
41:36 Halberdier
49:34 Gold Mining
53:52 Arson
54:07 Squires
bugout
0:30 Loom
10:43 Feudal Age
20:34 Castle Age
18:45 Town Watch
20:12 Horse Collar
20:22 Double-Bit Axe
21:48 Town Patrol
23:02 Wheelbarrow
22:38 Heavy Plow
23:00 Bow Saw
27:07 Hand Cart
31:40 Forging
31:31 Scale Mail Armor
31:37 Scale Barding Armor
31:23 Fletching
31:33 Padded Archer Armor
30:59 Elite Skirmisher
31:02 Pikeman
31:43 Squires
31:43 Gold Mining
31:49 Stone Mining
35:07 Gold Shaft Mining
35:12 Stone Shaft Mining
34:57 Caravan
39:47 Imperial Age
37:45 Husbandry
37:56 Bloodlines
37:08 Light Cavalry
39:11 Iron Casting
38:34 Bodkin Arrow
38:42 Nomads
40:11 Chain Mail Armor
40:16 Chain Barding Armor
40:12 Leather Archer Armor
40:10 Onager
40:48 Hussar
43:16 Siege Onager
44:38 Heavy Camel Rider
47:03 Chemistry
46:25 Ballistics
46:16 Masonry
50:04 Conscription
luismuli
0:31 Loom
14:43 Feudal Age
16:19 Double-Bit Axe
16:18 Horse Collar
22:24 Castle Age
20:53 Stone Mining
20:53 Gold Mining
21:47 Fletching
22:07 Forging
23:57 Heavy Plow
24:10 Bow Saw
25:49 Bodkin Arrow
26:30 Iron Casting
26:54 Wheelbarrow
27:13 Caravan
29:11 Husbandry
29:21 Bloodlines
30:22 Padded Archer Armor
35:04 Imperial Age
32:47 Scale Barding Armor
34:18 Murder Holes
34:43 Ballistics
35:55 Bracer
36:56 Blast Furnace
36:20 Hand Cart
36:23 Fortified Wall
37:13 Chemistry
36:14 Elite Keshik
37:58 Conscription
37:52 Heavy Scorpion
38:39 Town Watch
40:01 Timurid Siegecraft
50:00 Heavy Cavalry Archer
52:12 Chain Barding Armor
52:08 Leather Archer Armor
MAOC DSW
1:51 Loom
12:18 Feudal Age
12:57 Double-Bit Axe
20:30 Castle Age
18:57 Horse Collar
20:51 Wheelbarrow
23:09 Heavy Plow
23:21 Bow Saw
24:05 Hand Cart
29:07 Elite Skirmisher
29:53 Thumb Ring
32:33 Caravan
32:34 Town Watch
36:01 Imperial Age
34:19 Kamandaran
34:22 Fletching
34:33 Padded Archer Armor
35:16 Town Patrol
35:49 Crossbowman
37:53 Ballistics
38:28 Conscription
38:27 Bodkin Arrow
38:47 Leather Archer Armor
38:41 Scale Barding Armor
38:46 Forging
39:14 Elite War Elephant
41:15 Chain Barding Armor
41:32 Ring Archer Armor
45:07 Plate Barding Armor
45:08 Iron Casting
45:44 Crop Rotation
46:42 Gold Mining
46:44 Stone Mining
49:25 Blast Furnace
48:26 Scale Mail Armor
49:34 Chemistry
48:46 Masonry
48:36 Heated Shot
52:23 Cavalier
53:04 Husbandry
53:16 Bloodlines
55:23 Two-Man Saw
55:00 Chain Mail Armor
55:13 Savar
Connection lost

Rejoining the realm…

Still unreachable

The connection could not be restored.

Session expired

The server has moved on; the page needs a fresh start.